 Dungeon Crawl Stone Soup version 0.23.2-40-g277498a001 (webtiles) character file.

Game seed: 6268254620416134738

279 MisterOstroum the Magician (level 6, 0/30 HPs)
             Began as a Spriggan Enchanter on Sept 22, 2019.
             Slain by a wight (4 damage)
             ... on level 4 of the Dungeon.
             The game lasted 00:14:36 (4860 turns).

MisterOstroum the Magician (Spriggan Enchanter)     Turns: 4860, Time: 00:14:36

Health: 0/30       AC:  3    Str:  4    XL:     6   Next: 5%
Magic:  5/14       EV: 18    Int: 18    God:
Gold:   265        SH:  0    Dex: 17    Spells: 6/15 levels left

rFire    . . .     SeeInvis +   a - +1 dagger
rCold    . . .     Gourm    .   (shield restricted)
rNeg     . . .     Faith    .   b - +1 robe
rPois    .         Spirit   .   (helmet restricted)
rElec    .         Reflect  .   (no cloak)
rCorr    +         Harm     .   (gloves unavailable)
MR       +....                  (boots unavailable)
Stlth    +++.......             c - amulet of the acrobat
HPRegen  0.10/turn              o - ring of resist corrosion
MPRegen  0.14/turn              (no ring)

@: lightly drained, very quick
A: very small, unfitting armour, see invisible, herbivore, speed 3, slow
metabolism 2
a: no special abilities


You were on level 4 of the Dungeon.
You were hungry.

You visited 1 branch of the dungeon, and saw 4 of its levels.

You collected 265 gold pieces.

Inventory:

Hand Weapons
 a - a +1 dagger (weapon)
 q - the +6 whip "Qiegeuw" {pain, *Drain rElec rPois Str+3, unknown}
   (You found it on level 4 of the Dungeon)

   In the hands of one skilled in necromantic magic, it inflicts extra damage on
   living creatures.
   It affects your strength (+3).
   It insulates you from electricity.
   It protects you from poison.
   It causes draining when unequipped.
Missiles
 f - 102 stones
 i - 5 tomahawks (quivered)
Armour
 b - a +1 robe (worn)
Jewellery
 c - an amulet of the acrobat (around neck)
 o - a ring of resist corrosion (left hand)
 w - an uncursed amulet of regeneration
Wands
 n - a wand of paralysis (9)
 v - a wand of random effects (12)
Scrolls
 d - a scroll of remove curse {@r2}
 g - 6 scrolls of teleportation
 j - a scroll of magic mapping {@r5 !r}
 k - 3 scrolls of enchant armour
 m - a scroll of blinking {unknown}
 p - a scroll of fear {unknown}
 t - a scroll of amnesia {unknown}
 u - a scroll of immolation {unknown}
Potions
 h - 2 potions of haste
 l - a potion of flight {unknown}
 r - a potion of magic {unknown}
 s - a potion of curing {@q1 !q}
Comestibles
 e - 5 rations


   Skills:
 - Level 2.0(1.6) Fighting
 - Level 1.1(0.7) Short Blades
 - Level 1.1(0.7) Throwing
 - Level 3.0(2.5) Dodging
 - Level 5.0(4.5) Stealth
 * Level 5.2(4.8) Spellcasting
 + Level 4.8(4.4) Hexes
 - Level 2.0(1.6) Evocations


You had 6 spell levels left.
You knew the following spells:

 Your Spells              Type           Power        Failure   Level  Hunger
a - Corona                Hex            ###....      2%          1    None
b - Ensorcelled Hibernat  Hex/Ice        ##....       9%          2    #......
c - Confuse               Hex            ###.....     7%          3    ###....
d - Tukima's Dance        Hex            ###.....     7%          3    ###....

Your spell library contained the following spells:

 Spells                   Type           Power        Failure   Level  Hunger
 Dazzling Spray           Conj/Hex       ##....       17%         3    ###....


Dungeon Overview and Level Annotations

Branches:
Dungeon (4/15)
 Temple: D:4-7

Altars:
Cheibriados
Hepliaklqana
Nemelex Xobeh


Innate Abilities, Weirdness & Mutations

You are very small and have problems with some larger weapons.
You are too small for most types of armour.
You have supernaturally acute eyesight. (SInv)
You are a herbivore.
You cover ground extremely quickly.
You need to consume almost no food.


Message History

You see here a tomahawk.
i - 5 tomahawks (gained 1)
You see here a +1 spear.
Press: ? - help, v - describe, . - travel, g - get item A +0 halberd.
The floor.
Unknown command.
You see here an ancient whip.
q - an ancient whip
Casting: Tukima's Dance (safe; 6% risk of failure)
Confirm with . or Enter, or press ? or * to list all spells.
Aiming: Confuse (safe; 6% risk of failure)
Press: ? - help, Shift-Dir - straight line, f - wight, p - wight
Aim: a wight, wielding a +3 falchion of freezing and wearing a +0 robe of fire resistance (chance to defeat MR: 50%)
Okay, then.
Casting: Confuse (safe; 6% risk of failure)
Confirm with . or Enter, or press ? or * to list all spells.
Aiming: Confuse (safe; 6% risk of failure)
Press: ? - help, Shift-Dir - straight line, f/p - wight
Aim: a wight, wearing a +0 robe (lightly damaged, chance to defeat MR: 50%)
Okay, then.
Casting: Confuse (safe; 6% risk of failure)
Confirm with . or Enter, or press ? or * to list all spells.
Aiming: Tukima's Dance (safe; 6% risk of failure)
Press: ? - help, Shift-Dir - straight line, f - wight, p - wight
Aim: a wight, wielding a +3 falchion of freezing and wearing a +0 robe of fire resistance (chance to defeat MR: 60%)
The cursed +3 falchion of freezing dances into the air!
The wight hits your +3 falchion of freezing.
Your +3 falchion of freezing hits the wight.
The wight barely misses your +3 falchion of freezing.
You swap places.
You closely miss the wight.
The wight is moderately damaged.
The wight misses you.
The wight hits your +3 falchion of freezing.
You closely miss the wight.
The wight is moderately damaged.
The wight closely misses you.
The wight barely misses your +3 falchion of freezing.
You hit the wight but do no damage.
The wight is moderately damaged.
The wight barely misses you.
The wight hits your +3 falchion of freezing.
You hit the wight but do no damage.
The wight is moderately damaged.
The wight misses you.
The wight hits your +3 falchion of freezing.
You hit the wight but do no damage.
The wight is moderately damaged.
The wight barely misses you.
The wight hits your +3 falchion of freezing!
Your +3 falchion of freezing falls from the air.
You barely miss the wight.
The wight is moderately damaged.
The wight hits you.
You barely miss the wight.
The wight is moderately damaged.
The wight misses you. The wight barely misses you.
You barely miss the wight.
The wight is moderately damaged.
The wight hits you. The wight closely misses you.
You hit the wight but do no damage.
The wight is moderately damaged.
The wight hits you.
You feel drained. The wight misses you.
You barely miss the wight.
The wight is moderately damaged.
The wight hits you! The wight misses you.
You hit the wight but do no damage.
The wight is moderately damaged.
The wight closely misses you. The wight barely misses you.
You hit the wight but do no damage.
The wight is moderately damaged.
The wight barely misses you. The wight closely misses you.
You hit the wight but do no damage.
The wight is moderately damaged.
The wight hits you. The wight closely misses you.
You hit the wight but do no damage.
The wight is moderately damaged.
The wight hits you.
You hit the wight but do no damage.
The wight is moderately damaged.
The wight hits you!
* * * LOW HITPOINT WARNING * * *
The wight misses you.
You hit the wight but do no damage.
The wight is moderately damaged.
The wight barely misses you. The wight misses you.
You hit the wight but do no damage.
The wight is moderately damaged.
The wight misses you. x2
You closely miss the wight.
The wight is moderately damaged.
The wight barely misses you.
You hit the wight but do no damage.
The wight is moderately damaged.
The wight misses you. The wight barely misses you.
You hit the wight but do no damage.
The wight is moderately damaged.
The wight hits you but does no damage. The wight hits you.
You die...

#################
#zz@z...........#
#.##########....#
#.# #..........#
#z#
#..........####
#.#
#..............
########.#
#........######
#........#
#........#*,,,,
#........#
#........#*,***
#..$.....#
#........#*.#


You could see 3 wights.

Vanquished Creatures
  A water moccasin skeleton (D:4)
  A hound (D:3)
  An orc wizard (D:3)
  A worker ant (D:4)
  A hound skeleton (D:4)
  2 adders (D:2)
  An ooze (D:3)
  3 worms
  A dart slug (D:1)
  9 orcs (D:3)
  6 giant cockroaches
  8 goblins
  5 hobgoblins
  3 jackals (D:1)
  3 ball pythons
  8 bats
  4 frilled lizards
  4 kobolds
  4 rats (D:1)
  A fungus (D:1)
67 creatures vanquished.

Vanquished Creatures (collateral kills)
  A wight (D:4)
1 creature vanquished.

Vanquished Creatures (others)
  2 dancing weapons (D:4)
  3 toadstools (D:1)
5 creatures vanquished.

Grand Total: 73 creatures vanquished

Notes
Turn   | Place    | Note
-------+----------+-------------------------------------------
     0 | D:1      | MisterOstroum the Spriggan Enchanter began the quest for
                  | the Orb.
     0 | D:1      | Reached XP level 1. HP: 9/9 MP: 5/5
   344 | D:1      | Reached XP level 2. HP: 10/14 MP: 6/6
   389 | D:1      | Learned a level 2 spell: Ensorcelled Hibernation
   474 | D:1      | Reached skill level 5 in Stealth
   585 | D:1      | Reached skill level 1 in Fighting
  1479 | D:2      | Found a snail-covered altar of Cheibriados.
  1481 | D:2      | Reached XP level 3. HP: 18/18 MP: 6/8
  1499 | D:2      | You fall through a shaft!
  2179 | D:2      | Found a hazy altar of Hepliaklqana.
  2360 | D:2      | Found a sparkling altar of Nemelex Xobeh.
  2670 | D:3      | Reached XP level 4. HP: 22/23 MP: 7/10
  3350 | D:2      | Learned a level 3 spell: Confuse
  3354 | D:2      | Learned a level 3 spell: Tukima's Dance
  4113 | D:3      | Reached skill level 1 in Throwing
  4113 | D:3      | Reached skill level 1 in Evocations
  4113 | D:3      | Reached XP level 5. HP: 26/26 MP: 4/12
  4706 | D:4      | Reached skill level 5 in Spellcasting
  4777 | D:4      | Reached XP level 6. HP: 25/30 MP: 8/14
  4828 | D:4      | Got an ancient whip
  4860 | D:4      | Slain by a wight

Skill      XL: |  1  2  3  4  5 |
---------------+----------------+-----
Stealth        | 5 |  5.0
Fighting       | 1 2 |  2.0
Spellcasting   | 3 4 5 |  5.2
Hexes          | 4 |  4.8
Throwing       | 1 |  1.1
Evocations     | 1 2 |  2.0
Short Blades   | |  1.1
Dodging        | |  3.0

Action                   |  1- 3 |  4- 6 || total
-------------------------+-------+-------++-------
Melee: Dagger            |   206 |   104 ||   310
Throw: Tomahawk          |    17 |    12 ||    29
       Stone             |     4 |     4 ||     8
 Cast: Corona            |    28 |     9 ||    37
       Ensorcelled Hiber |    16 |    23 ||    39
       Confuse           |       |     5 ||     5
       Tukima's Dance    |       |     5 ||     5
  Use: Scroll            |       |     7 ||     7
 Stab: Sleeping          |    10 |    15 ||    25
       Confused          |       |     4 ||     4
  Eat: Ration            |     1 |     1 ||     2
Armor: Robe              |    11 |    13 ||    24
Dodge: Dodged            |   182 |   146 ||   328
